 Dungeon Crawl Stone Soup version 0.31-a0-819-gf6de2f5ab6 (webtiles) character file.

Game seed: 14259216359974660915

401 qw the Shooter (level 6, -4/37 HPs)
             Began as a Gargoyle Hunter on Sept 23, 2023.
             Slain by a phantom (6 damage)
             ... on level 4 of the Dungeon.
             The game lasted 00:01:02 (2459 turns).

qw the Shooter (Gargoyle Hunter)                    Turns: 2459, Time: 00:01:02

Health: -4/37      AC: 13    Str: 14    XL:     6   Next: 85%
Magic:  6/6        EV: 11    Int: 10    God:
Gold:   232        SH:  0    Dex: 15    Spells: 5/5 levels left

rFire   . . .        a - +0 shortbow (heavy)
rCold   . . .        (shield currently unavailable)
rNeg    + . .        e - +0 ring mail
rPois   inf          f - +0 helmet
rElec   +            (no cloak)
rCorr   .            h - +0 pair of gloves
SInv    .            i - +0 pair of boots
Will    .....        c - amulet of faith
Stlth   +            (no ring)
HPRegen 0.26/turn    (no ring)
MPRegen 0.10/turn

%: faith
@: no status effects
A: sickness immunity, AC +4, negative energy resistance 1, electricity
resistance, torment resistance 1, petrification resistance
a: no special abilities


You were on level 4 of the Dungeon.
You visited 1 branch of the dungeon, and saw 4 of its levels.

You collected 232 gold pieces.


Innate Abilities, Weirdness & Mutations

You are immune to sickness and miasma.
Your stone body is resilient. (AC +4)
You are immune to poison.
You resist negative energy. (rN+)
You are resistant to electric shocks. (rElec)
You are resistant to unholy torment.
You are immune to petrification.


   Skills:
 + Level 3.5 Fighting
 - Level 6.1 Ranged Weapons
 - Level 4.3 Armour
 - Level 1.5 Dodging
 - Level 1.1 Stealth


You had 5 spell levels left.
You didn't know any spells.
Your spell library was empty.

Inventory:

Hand Weapons
 a - a +0 heavy shortbow (weapon)
Armour
 e - a +0 ring mail (worn)
 f - a +0 helmet (worn)
 h - a +0 pair of gloves (worn)
 i - a +0 pair of boots (worn)
Jewellery
 c - an amulet of faith (around neck)
Potions
 d - a potion of heal wounds {unknown}
 g - a potion of curing {unknown}

Dungeon Overview and Level Annotations

Branches:
Dungeon (4/15)
 Temple: D:4-7

Altars:
Ashenzari
Kikubaaqudgha
Nemelex Xobeh


Message History

You shoot an arrow. The arrow closely misses the gnoll.
The gnoll barely misses you.
The gnoll hits you with a +2 flail of protection.
The gnoll hits you but does no damage.
You shoot an arrow. The arrow closely misses the gnoll. x2
The gnoll closely misses you. The gnoll hits you but does no damage.
2452 |||
Found retreat position at -1,-1 (gnoll; floor) with 0 blocking monsters and 3 monsters attacking at destination at distance 1 You shoot an arrow.
The arrow barely misses the phantom.
The gnoll misses you. The gnoll closely misses you.
The gnoll hits you but does no damage. The phantom hits you.
The phantom blinks!
You blink.
The phantom hits you but does no damage.
Enter note:
2453 |||
Found retreat position at 2,1 (floor) with 0 blocking monsters and 3 monsters attacking at destination at distance 2
Enter note:
2453 ||| Stepping ~*~*~tactically~*~*~ (retreating).
The phantom attacks as it pursues you! The phantom barely misses you.
Enter note:
2454 |||
Found retreat position at 1,1 (floor) with 0 blocking monsters and 3 monsters attacking at destination at distance 1
2454 ||| Stepping ~*~*~tactically~*~*~ (retreating).
The phantom attacks as it pursues you!
The phantom hits you but does no damage.
You shoot an arrow. The arrow closely misses the phantom.
The phantom hits you but does no damage.
You shoot an arrow. The arrow hits the phantom!
The phantom is severely damaged.
The phantom hits you.
The phantom blinks!
You blink.
The phantom barely misses you.
Enter note:
2457 |||
Found retreat position at -6,1 (floor) with 0 blocking monsters and 3 monsters attacking at destination at distance 6
2457 ||| Stepping ~*~*~tactically~*~*~ (retreating).
Enter note:
2458 |||
Found retreat position at -5,2 (floor) with 0 blocking monsters and 3 monsters attacking at destination at distance 5
2458 ||| Stepping ~*~*~tactically~*~*~ (retreating).
The gnoll closely misses you.
You shoot an arrow. The arrow closely misses the phantom.
The gnoll barely misses you.
The phantom hits you but does no damage.
The gnoll hits you but does no damage. The phantom hits you.
You die...

#..#..............## ....
..........##.......# ...
...###.....###.....### ... ..
##......#.#........ .
#..............###.
...#....#........###.........
.........#........##...#.....#
....#......##...Wg.##....#..#
.#.##......###.@#..##.......#
...........##..#.##......... .
.....#....#...ggg........## ..
#..###....................#
... #.#
##..........#..%.....#.... ##
#..........#..##.##<..#
..........##....####...#
###...#######..### ##### #####
####


You could see a phantom and 3 gnolls.

Vanquished Creatures
  Grinder (D:4)
  A gnoll bouda (D:4)
  Natasha (twice) (D:3)
  A gnoll (D:4)
  4 adders (D:3)
  An ufetubus (D:4)
  2 worms
  A dart slug (D:1)
  5 orcs
  5 endoplasms
  10 giant cockroaches
  7 goblins
  3 hobgoblins
  4 jackals
  3 quokkas
  4 ball pythons (D:1)
  6 bats
  A frilled lizard (D:1)
  7 kobolds
  3 rats
  A spectral kobold (D:1)
72 creatures vanquished.

Notes
Turn   | Place    | Note
-------+----------+-------------------------------------------
     0 | D:1      | qw the Gargoyle Hunter began the quest for the Orb.
     0 | D:1      | Reached XP level 1. HP: 12/12 MP: 1/1
     0 | D:1      | 0 ||| qw: Version: 0.3-a-83-gcd0e7d8
     0 | D:1      | 0 ||| qw: Game counter: 1506
     0 | D:1      | 0 ||| qw: Melee chars always use a shield: true
     0 | D:1      | 0 ||| qw: God list: Okawaru
     0 | D:1      | 0 ||| qw: Allow faded altars: false
     0 | D:1      | 0 ||| qw: Do Orc after clearing Dungeon:15 true
     0 | D:1      | 0 ||| qw: Do second Lair branch before Depths: true
     0 | D:1      | 0 ||| qw: Lair rune preference: random
     0 | D:1      | 0 ||| qw: Goals: Normal
     0 | D:1      | 0 ||| PLANNING D:1-11
   116 | D:1      | Reached XP level 2. HP: 17/17 MP: 2/2
   172 | D:1      | Found a faded altar of an unknown god.
   397 | D:1      | Reached XP level 3. HP: 21/21 MP: 3/3
   403 | D:1      | Reached skill level 5 in Ranged Weapons
   734 | D:1      | 734 ||| Stepping ~*~*~tactically~*~*~ (water).
   795 | D:1      | 795 ||| UPGRADING to +0 ring mail.
   805 | D:1      | 805 ||| DROPPING +0 leather armour.
   806 | D:1      | 806 ||| UPGRADING to +0 helmet.
   811 | D:1      | 811 ||| UPGRADING to +0 pair of gloves.
   816 | D:1      | 816 ||| UPGRADING to +0 pair of boots.
   821 | D:1      | 821 ||| DROPPING scroll of butterflies.
   949 | D:2      | 949 ||| READING scroll labelled DOUXOS FAOME.
  1113 | D:2      | Reached skill level 1 in Armour
  1423 | D:2      | Reached XP level 4. HP: 21/27 MP: 4/4
  1424 | D:2      | Reached skill level 3 in Fighting
  1691 | D:2      | 1691 ||| READING scroll labelled MYRUIHA ROUNUAZ.
  1764 | D:3      | 1764 ||| STAIRDANCE
  1770 | D:3      | 1770 ||| STAIRDANCE
  1969 | D:3      | Reached XP level 5. HP: 32/32 MP: 5/5
  2126 | D:3      | Found a broken altar of Ashenzari.
  2126 | D:3      | Noticed Natasha
  2130 | D:3      | Killed Natasha
  2138 | D:3      | Found an ancient bone altar of Kikubaaqudgha.
  2142 | D:3      | Found a sparkling altar of Nemelex Xobeh.
  2212 | D:3      | 2212 ||| UPGRADING to amulet of faith.
  2217 | D:3      | 2217 ||| DRINKING 2 silvery potions.
  2260 | D:3      | Noticed Natasha
  2269 | D:3      | Killed Natasha
  2270 | D:3      | Reached skill level 6 in Ranged Weapons
  2333 | D:3      | 2333 ||| DROPPING potion of lignification.
  2392 | D:4      | Noticed Grinder
  2398 | D:4      | Killed Grinder
  2399 | D:4      | Reached XP level 6. HP: 37/37 MP: 6/6
  2408 | D:4      | 2408 ||| RETREEAATING.
  2412 | D:4      | 2412 ||| Stepping ~*~*~tactically~*~*~ (retreating).
  2413 | D:4      | 2413 ||| Stepping ~*~*~tactically~*~*~ (retreating).
  2414 | D:4      | 2414 ||| Stepping ~*~*~tactically~*~*~ (retreating).
  2415 | D:4      | 2415 ||| Stepping ~*~*~tactically~*~*~ (retreating).
  2416 | D:4      | 2416 ||| Stepping ~*~*~tactically~*~*~ (retreating).
  2420 | D:4      | 2420 ||| Stepping ~*~*~tactically~*~*~ (retreating).
  2426 | D:4      | 2426 ||| Stepping ~*~*~tactically~*~*~ (retreating).
  2427 | D:4      | 2427 ||| Stepping ~*~*~tactically~*~*~ (retreating).
  2428 | D:4      | 2428 ||| Stepping ~*~*~tactically~*~*~ (retreating).
  2437 | D:4      | 2437 ||| Stepping ~*~*~tactically~*~*~ (retreating).
  2438 | D:4      | 2438 ||| Stepping ~*~*~tactically~*~*~ (retreating).
  2439 | D:4      | 2439 ||| Stepping ~*~*~tactically~*~*~ (retreating).
  2440 | D:4      | 2440 ||| Stepping ~*~*~tactically~*~*~ (retreating).
  2445 | D:4      | HP: 9/37 [gnoll/+2 flail of protection[a gnoll bouda] (2)]
  2447 | D:4      | 2447 ||| Stepping ~*~*~tactically~*~*~ (retreating).
  2448 | D:4      | 2448 ||| Stepping ~*~*~tactically~*~*~ (retreating).
  2449 | D:4      | 2449 ||| Stepping ~*~*~tactically~*~*~ (retreating).
  2450 | D:4      | HP: 4/37 [gnoll/+2 flail of protection[a gnoll bouda] (3)]
  2453 | D:4      | 2453 ||| Stepping ~*~*~tactically~*~*~ (retreating).
  2454 | D:4      | 2454 ||| Stepping ~*~*~tactically~*~*~ (retreating).
  2456 | D:4      | HP: 1/37 [phantom (4)]
  2457 | D:4      | 2457 ||| Stepping ~*~*~tactically~*~*~ (retreating).
  2458 | D:4      | 2458 ||| Stepping ~*~*~tactically~*~*~ (retreating).
  2459 | D:4      | Slain by a phantom

Levels and vault maps discovered:
D:1:      lightli_arrival_farm, layout_basic,
          dreamdust_ecumenical_altar_drowned_temple,
          chequers_serial_rivers_large_a, minivault_26, grunt_decor_clamped
D:2:      minmay_roachtagon, layout_loops_corners, dreamdust_wishing_well,
          nicolae_concentric_dashed_squares_mild, kennysheep_another_room
D:3:      layout_rooms, minmay_overflow_temple_star_quad, hangedman_decor_push,
          uniq_natasha
D:4:      layout_cave_pools, guppyfry_early_orc_mine, uniq_grinder

Skill      XL: |  1  2  3  4  5 |
---------------+----------------+-----
Ranged Weapons | 5 6 |  6.1
Armour         | 1 4 |  4.3
Fighting       | 3 |  3.5
Dodging        | |  1.5
Stealth        | |  1.1

Action                     |  1- 3 |  4- 6 || total
---------------------------+-------+-------++-------
   Fire: Shortbow          |   138 |    94 ||   232
    Use: Scroll            |     1 |     1 ||     2
         Potion            |       |     1 ||     1
 Armour: Leather armour    |    11 |       ||    11
         Ring mail         |    55 |   102 ||   157
  Dodge: Dodged            |    61 |    88 ||   149

Table legend:
 A = Non-vault XP
 B = Vault XP
 C = Vault XP percentage of total XP
 D = Non-vault monster count
 E = Vault monster count
 F = Vault count percentage of total count
                 A         B        C        D         E       F
            +---------+---------+-------+---------+---------+-------
      Total |     253 |     321 |  55.9 |      60 |      12 |  16.7
            +---------+---------+-------+---------+---------+-------
        D:1 |      48 |       1 |   2.0 |      28 |       1 |   3.4
        D:2 |      21 |      18 |  46.2 |       9 |       9 |  50.0
        D:3 |     114 |      35 |  23.5 |      17 |       1 |   5.6
        D:4 |      70 |     267 |  79.2 |       6 |       1 |  14.3
            +---------+---------+-------+---------+---------+-------
